 Dungeon Crawl Stone Soup version 0.18.1-50-g88ac8fd (webtiles) character file.

102909 BabyRage the Warrior (level 16, -3/244 HPs)
             Began as a Naga Summoner on Oct 16, 2016.
             Was the Champion of Cheibriados.
             Slain by an entropy weaver (5 damage)
             ... on level 2 of the Spider Nest.
             The game lasted 01:39:26 (35898 turns).

BabyRage the Warrior (Naga Summoner)               Turns: 35898, Time: 01:39:27

Health: -3/244     AC: -4    Str: 27    XL:     16   Next: 34%
Magic:  2/23       EV:  1    Int: 35    God:    Cheibriados [******]
Gold:   664        SH:  0    Dex: 28    Spells: 7 memorised, 3 levels left

rFire  . . .     SeeInvis +     d - +3 short sword (vamp)
rCold  + . .     Gourm    .     (armour currently unavailable)
rNeg   + + +     Faith    .     (no shield)
rPois  +         Spirit   .     (helmet currently unavailable)
rElec  .         Dismiss  .     (cloak currently unavailable)
rCorr  .         Reflect  .     (gloves currently unavailable)
SustAt .         Harm     .     (no barding)
MR     ++...     NoTele   +     h - amulet of regeneration
Stlth  ++++......               M - +5 ring of evasion
                                j - ring of protection from cold

@: lethally poisoned (-3 -> -13), tree-form, corroded, repel missiles, very
slow, very resistant to hostile enchantments, stealthy
A: see invisible, (deformed body), (poison resistance), (slowness 0), slow
metabolism 1, spit poison 2, (constrict 1), AC +5
a: Spit Poison, Bend Time, Temporal Distortion, Slouch, Step From Time, Renounce
Religion


You were on level 2 of the Spider Nest.
You worshipped Cheibriados.
Cheibriados was exalted by your worship.
You were hungry.
You were a tree.
You visited 5 branches of the dungeon, and saw 28 of its levels.

You collected 3259 gold pieces.
You spent 2595 gold pieces at shops.

Inventory:

Hand Weapons
 d - a +3 vampiric short sword (weapon)
 x - a +2 antimagic long sword
 N - a +1 scimitar of flaming
Armour
 e - a +1 cloak (melded)
 n - a +2 robe of the Archmagi (melded)
 I - a +1 naga barding of flying (melded)
 J - a +0 robe of cold resistance
 P - the +2 pair of fencer's gloves (melded) {LBl+4 SBl+4 EV+3 Dex+6}
   (You bought it in a shop on level 2 of the Orcish Mines)

   It affects your evasion (+3).
   It affects your dexterity (+6).
Jewellery
 h - an amulet of regeneration (around neck)
 j - a ring of protection from cold (left branch)
 M - a +5 ring of evasion (right branch)
Wands
 l - a wand of digging (8/24)
 p - a wand of lightning (4/15)
 q - a wand of iceblast (9/15)
 K - a wand of acid (5/15)
 L - a wand of digging (17/24)
Scrolls
 f - 5 scrolls of amnesia
 k - 5 scrolls of magic mapping
 o - 2 scrolls of teleportation
 r - 4 scrolls of remove curse
 y - a scroll of blinking
 S - a scroll of fog
 T - a scroll of recharging
 U - a scroll of holy word
Potions
 a - a potion of invisibility
 g - 4 potions of flight
 s - 4 potions of magic
 t - a potion of lignification
 u - 2 potions of ambrosia
 w - a potion of curing
 B - 3 potions of heal wounds
 C - 4 potions of agility
 D - a potion of brilliance
 E - a potion of beneficial mutation {unknown}
 H - a potion of might {unknown}
Books
 b - a book of Callings

   Spells                             Type                      Level
   a - Summon Small Mammal            Summoning                    1
   b - Call Imp                       Summoning                    2
   c - Call Canine Familiar           Summoning                    3
   d - Summon Guardian Golem          Hexes/Summoning              3
   e - Summon Lightning Spire         Summoning/Air                4
   f - Summon Ice Beast               Ice/Summoning                4
 F - a book of Minor Magic

   Spells                             Type                      Level
   a - Magic Dart                     Conjuration                  1
   b - Blink                          Translocation                2
   c - Call Imp                       Summoning                    2
   d - Repel Missiles                 Charms/Air                   2
   e - Slow                           Hexes                        2
   f - Conjure Flame                  Conjuration/Fire             3
   g - Mephitic Cloud                 Conjuration/Poison/Air       3
 G - the Almanac of Unholy Rituals and the Compass
   (You found it on level 3 of the Lair of Beasts)

   Spells                             Type                      Level
   a - Sublimation of Blood           Necromancy                   2
   b - Passage of Golubria            Translocation                4
   c - Warp Weapon                    Charms/Translocation         5
   d - Bolt of Draining               Conjuration/Necromancy       5
 O - a book of the Earth

   Spells                             Type                      Level
   a - Leda's Liquefaction            Hexes/Earth                  4
   b - Bolt of Magma                  Conjuration/Fire/Earth       5
   c - Statue Form                    Transmutation/Earth          6
   d - Iron Shot                      Conjuration/Earth            6
   e - Shatter                        Earth                        9
Comestibles
 c - 15 bread rations
 i - 2 slices of pizza
 m - 11 beef jerkies
 v - 28 fruits
 z - 12 royal jellies
 A - 4 meat rations


   Skills:
 - Level 15.0 Fighting
 - Level 13.9 Dodging
 - Level 3.0 Stealth
 - Level 5.0 Spellcasting
 - Level 10.4 Summonings
 + Level 5.9 Transmutations
 - Level 5.1 Ice Magic
 - Level 5.0 Air Magic
 + Level 5.7 Earth Magic
 - Level 10.3 Invocations


You had 3 spell levels left.
You knew the following spells:

 Your Spells              Type           Power        Failure   Level  Hunger
a - Summon Small Mammal   Summ           ####         1%          1    None
b - Call Imp              Summ           ######..     1%          2    None
c - Call Canine Familiar  Summ           ######..     1%          3    None
d - Summon Lightning Spi  Summ/Air       ######..     1%          4    ###....
e - Summon Ice Beast      Ice/Summ       ######..     1%          4    ###....
f - Repel Missiles        Chrm/Air       ####..       2%          2    None
g - Statue Form           Trmt/Erth      #####....    63%         6    ######.


Dungeon Overview and Level Annotations

Branches:
Dungeon (14/15)            Temple (1/1) D:7            Lair (8/8) D:11
 Shoals (0/4) Lair:5       Spider (3/4) Lair:5        Slime (0/6) Lair:8
    Orc (2/2) D:10            Elf (0/3) Orc:2        Vaults (0/5) D:14

Altars:
Ashenzari
Cheibriados
Dithmenos
Elyvilon
Fedhas
Gozag
Kikubaaqudgha
Makhleb
Nemelex Xobeh
Okawaru
Pakellas
Qazlal
Ru
Sif Muna
Trog
Vehumet
Xom
Yredelemnul
Zin
The Shining One
Jiyva

Shops:
D:7 [   Orc:1 =   Orc:2 [=[}

Portals:
Hell: Lair:8

Annotations:
D:5 Grinder
D:9 Prince Ribbit
Lair:4 exclusion: oklob plant
Lair:5 exclusion: oklob plant
Lair:8 exclusion: 2 doors


Innate Abilities, Weirdness & Mutations

You cannot wear boots.
((Your serpentine skin is tough (AC +5).))
You have supernaturally acute eyesight.
((Armour fits poorly on your strangely shaped body.))
((Your system is resistant to poisons.))
((You cover ground very slowly.))
You have a slow metabolism.
You can spit poison.
((You can use your snake-like lower body to constrict enemies.))


Message History

Your lightning spire shoots out a bolt of lightning at the redback!
The bolt of electricity hits the redback.
The redback dies!
Cheibriados thoroughly appreciates the change of pace.
The bolt of electricity hits your lightning spire.
Your lightning spire completely resists.
Drink which item? (? for menu, Esc to quit)
You feel much better.
You feel sick.
The entropy weaver mumbles some strange words.
The entropic weave corrodes you!
You hit the entropy weaver but do no damage.
The entropy weaver is heavily wounded.
You feel sick. The entropy weaver hits you!
* * * LOW HITPOINT WARNING * * *
The entropy weaver hits you.
* * * LOW HITPOINT WARNING * * *
The entropy weaver hits you!
* * * LOW HITPOINT WARNING * * *
The entropy weaver hits you.
You die...

##.#.#≈≈.##
##.....≈...######
#≈........###...#
##.......≈..#..##
≈#.........#...#
.≈.............######
.......#........##..####
.....................#.##
...............^♣p......#
.....>...........8.....##
........................###
....#.....................#
..........................#
.........[..............^^#
.........................##
.^......................##
.#....#....#..........###


You could see an entropy weaver and a friendly lightning spire.

Vanquished Creatures
  A ghoul (D:13)
  Azrael (D:14)
  2 vault guards (D:14)
  An entropy weaver (Lair:5)
  2 centaur warriors
  2 hydras (Lair:8)
  A death yak (Lair:8)
  An orc high priest (Orc:2)
  3 skeletal warriors (D:13)
  2 unseen horrors
  A wizard (D:14)
  Pikel (D:4)
  2 orc knights
  A wolf spider zombie (D:13)
  A griffon (Lair:6)
  2 orb spiders (Spider:2)
  7 wolf spiders
  A deep elf mage (D:13)
  2 hornets (Spider:3)
  A salamander (D:14)
  4 orc sorcerers
  An elephant (Lair:8)
  A black mamba (Lair:8)
  6 centaur zombies
  A gargoyle (D:13)
  Psyche (D:9)
  2 centaur skeletons
  A rime drake (Lair:4)
  4 komodo dragons
  5 spiny frogs
  An ice devil (Lair:8)
  A yaktaur (D:14)
  A hellwing (Lair:8)
  11 demonic crawlers
  2 trolls (D:14)
  A polar bear (Lair:5)
  6 jumping spiders
  6 blink frogs
  A shadow (D:14)
  31 redbacks
  6 tarantellas
  2 wyverns
  A vampire (D:14)
  2 yaks
  A basilisk (Lair:1)
  2 fire elementals (D:14)
  3 vampire mosquitoes (D:12)
  2 insubstantial wisps (D:12)
  3 hell hounds (D:14)
  3 soldier ants (Spider:2)
  4 water moccasins
  2 porcupines
  A swamp drake (D:12)
  7 orc warriors (Orc:2)
  2 sky beasts
  2 wasps
  8 ogres
  8 wolves
  A necrophage (D:9)
  3 boggarts
  7 centaurs
  2 crocodiles (Lair:8)
  5 giant frogs
  A wyvern zombie (D:13)
  A wyvern skeleton (D:10)
  A scorpion (D:14)
  A jelly (D:7)
  3 wights (D:13)
  2 howler monkeys
  A crimson imp (D:5)
  2 giant frog zombies (D:13)
  3 hounds
  4 orc priests
  A giant frog skeleton (D:13)
  10 worker ants
  2 iguanas
  10 orc wizards
  7 sheep
  A hound skeleton (D:6)
  5 adders
  15 river rats
  A shadow imp (D:13)
  An ooze (D:2)
  An adder skeleton (D:5)
  4 giant geckos
  20 orcs
  11 bats
  2 giant cockroaches
  2 goblins
  3 hobgoblins (D:1)
  8 jackals
  5 quokkas
  A ball python (D:1)
  3 giant newts
  6 kobolds
  A quokka skeleton (D:9)
  11 rats
349 creatures vanquished.

Vanquished Creatures (collateral kills)
  Rupert (Lair:6)
  Gastronok (D:11)
  Agnes (Lair:5)
  Roxanne (Spider:1)
  Maud (Lair:6)
  3 ghouls (D:13)
  An emperor scorpion (Spider:3)
  The ghost of blejac99 the Spry, a journeyman KoBe of Trog (Spider:2)
  A stone giant (Orc:1)
  The ghost of Zeloya the Nimble, a journeyman KoNe of Kikubaaqudgha (Lair:6)
  A salamander stormcaller (D:14)
  3 vault guards (D:14)
  Josephine (D:10)
  The ghost of Kloppie the Carver, a journeyman DrBe of Trog (D:10)
  Harold (D:10)
  5 hydras
  An entropy weaver (Lair:5)
  8 centaur warriors
  2 tengu warriors
  7 death yaks (Lair:8)
  2 orc high priests (Orc:2)
  A queen ant (Spider:2)
  Urug (Lair:3)
  A deep elf knight (D:14)
  2 skeletal warriors (D:13)
  An unseen horror (D:11)
  A wizard (Lair:8)
  A deep elf archer (D:14)
  A swamp dragon (Lair:8)
  5 hill giants
  5 wolf spiders
  6 orb spiders
  3 orc knights (Orc:2)
  2 hornets (Spider:2)
  A griffon (Lair:5)
  6 ugly things
  An orc sorcerer (Orc:2)
  3 cyclopes
  27 elephants
  2 salamanders (D:14)
  A sixfirhy (Lair:8)
  A moth of wrath (Spider:2)
  6 black mambas
  5 orange demons (Lair:8)
  A smoke demon (Lair:8)
  10 spiny frogs
  2 gargoyles
  A centaur skeleton (D:11)
  6 rime drakes
  6 komodo dragons
  2 yaktaurs (D:14)
  3 demonic crawlers
  2 ice devils (Lair:8)
  2 red devils (Lair:8)
  4 jumping spiders (Spider:3)
  A guardian mummy (D:13)
  3 trolls
  4 slime creatures
  11 blink frogs
  2 boulder beetles
  A shadow (D:11)
  13 tarantellas
  5 wraiths
  A yak (shapeshifter) (D:14)
  2 wyverns
  18 redbacks
  40 yaks
  4 basilisks
  Grum (D:9)
  2 fire elementals (D:14)
  A steam dragon (D:13)
  4 vampire mosquitoes
  14 hippogriffs
  A hungry ghost (D:11)
  A mottled dragon (D:13)
  23 soldier ants
  A warg (Orc:1)
  15 water moccasins
  6 porcupines
  A swamp drake (D:12)
  4 phantoms
  An ice beast (D:5)
  6 sky beasts
  3 wasps (D:9)
  15 orc warriors
  An eye of draining (D:10)
  The ghost of Peloso the Shield-Bearer, an amateur DgFi (D:3)
  15 centaurs
  11 ogres
  23 wolves
  23 crocodiles
  A big kobold (D:12)
  14 giant frogs
  2 scorpions
  A water moccasin skeleton (D:6)
  3 wights (D:7)
  2 electric eels (Spider:2)
  6 howler monkeys
  7 crimson imps
  2 centaur zombies
  2 giant frog zombies
  6 jellies
  3 hounds (D:10)
  A wyvern simulacrum (D:14)
  2 giant frog skeletons
  17 orc priests
  21 orc wizards
  Jessica (D:3)
  4 iguanas
  2 hell rats (Lair:2)
  14 worker ants
  A killer bee zombie (D:9)
  12 sheep
  5 mummies (D:13)
  A howler monkey zombie (D:6)
  6 gnolls
  A howler monkey skeleton (D:4)
  7 adders
  19 river rats
  A shadow imp (D:13)
  An ooze (D:3)
  An adder skeleton (D:4)
  A worm (D:3)
  3 dart slugs
  2 giant geckos
  70 orcs
  2 giant cockroaches
  2 gnoll zombies (D:6)
  3 goblins
  6 hobgoblins
  A jackal (D:11)
  9 kobolds
  2 quokkas
  A bat (D:1)
  A giant gecko zombie (D:7)
  2 giant newts
  A quokka skeleton (D:4)
  A rat (D:3)
  4 fungi
  2 plants
  A withered plant (D:13)
724 creatures vanquished.

Vanquished Creatures (others)
  A redback zombie (D:14)
  A redback (Spider:1)
  A hell hound (D:14)
  A jelly (D:14)
  An orc priest (Orc:2)
  A gnoll (shapeshifter) (D:14)
  3 orcs (D:4)
  A quokka (D:4)
  A giant newt (D:4)
  31 fungi
  6 plants
  A toadstool (D:10)
  3 withered plants (D:13)
52 creatures vanquished.

Grand Total: 1125 creatures vanquished

Notes
Turn   | Place    | Note
--------------------------------------------------------------
     0 | D:1      | BabyRage the Naga Summoner began the quest for the Orb.
     0 | D:1      | Reached XP level 1. HP: 15/15 MP: 3/3
   641 | D:1      | Reached XP level 2. HP: 18/22 MP: 3/5
   786 | D:1      | Learned a level 2 spell: Call Imp
   918 | D:1      | Reached XP level 3. HP: 27/28 MP: 6/6
   923 | D:1      | Learned a level 3 spell: Call Canine Familiar
  1308 | D:2      | Found a glowing golden altar of the Shining One.
  1462 | D:2      | Found a radiant altar of Vehumet.
  1462 | D:2      | Found a shattered altar of Ashenzari.
  2635 | D:3      | Reached XP level 4. HP: 36/36 MP: 5/8
  2838 | D:3      | Noticed Peloso's ghost (amateur DgFi)
  2873 | D:3      | Killed Peloso's ghost
  2873 | D:3      | Reached skill level 5 in Summonings
  2873 | D:3      | Reached XP level 5. HP: 4/42 MP: 0/10
  3168 | D:3      | Learned a level 4 spell: Summon Lightning Spire
  3383 | D:3      | Noticed Jessica
  3392 | D:3      | Killed Jessica
  3559 | D:3      | Noticed an ogre
  3566 | D:3      | Killed an ogre
  3566 | D:3      | Reached skill level 1 in Air Magic
  3695 | D:3      | Reached XP level 6. HP: 38/49 MP: 12/12
  3910 | D:4      | Noticed a slave
  3919 | D:4      | Noticed Pikel
  3919 | D:4      | Noticed a slave
  3920 | D:4      | Noticed a slave
  3971 | D:4      | Killed Pikel
  3971 | D:4      | Reached XP level 7. HP: 49/55 MP: 1/13
  4063 | D:4      | Learned a level 4 spell: Summon Ice Beast
  4495 | D:5      | Entered Level 5 of the Dungeon
  4528 | D:5      | Noticed Grinder
  4842 | D:5      | Reached XP level 8. HP: 61/62 MP: 14/14
  5005 | D:5      | Found a sparkling altar of Nemelex Xobeh.
  5347 | D:5      | Reached skill level 5 in Air Magic
  5437 | D:6      | Reached skill level 1 in Ice Magic
  6342 | D:6      | Found a basalt altar of Yredelemnul.
  6471 | D:7      | Found Ufomein's Antique Armour Emporium.
  6639 | D:7      | Bought a ripped robe for 131 gold pieces
  6639 | D:7      | Bought a pair of embroidered gloves for 103 gold pieces
  6649 | D:7      | Identified the cursed +0 robe of the Echidna {rF- rN+ Dex+5} (You bought it in a shop on level 7 of the Dungeon)
  7039 | D:7      | Found an iron altar of Okawaru.
  7068 | D:7      | Reached XP level 9. HP: 44/68 MP: 11/15
  7285 | D:7      | Found a white marble altar of Elyvilon.
  7332 | D:7      | Found a bloodstained altar of Trog.
  7445 | D:7      | Found a staircase to the Ecumenical Temple.
  7488 | Temple   | Entered the Ecumenical Temple
  7531 | Temple   | Became a worshipper of Cheibriados the Contemplative
  7785 | D:8      | Reached * piety under Cheibriados
  7789 | D:8      | Reached skill level 5 in Ice Magic
  8397 | D:9      | Reached skill level 10 in Summonings
  8566 | D:9      | Noticed Psyche
  8571 | D:9      | Killed Psyche
  8571 | D:9      | Reached ** piety under Cheibriados
  8576 | D:9      | Got a dazzling cloak
  8683 | D:9      | Identified the cursed +0 cloak of Charity {+Blink rCorr MP-9 Dex+7} (You found it on level 9 of the Dungeon)
  8788 | D:9      | HP: 3/67 [centaur/arrow (6)]
  9165 | D:9      | Reached skill level 1 in Fighting
  9290 | D:9      | Noticed Grum
  9303 | D:9      | Killed Grum
  9303 | D:9      | Reached skill level 2 in Fighting
  9559 | D:9      | Noticed Prince Ribbit
  9599 | D:9      | Found an iron altar of Okawaru.
  9646 | D:9      | Reached skill level 3 in Fighting
  9739 | D:10     | Entered Level 10 of the Dungeon
  9860 | D:10     | Reached XP level 10. HP: 77/83 MP: 8/16
  9872 | D:10     | Reached *** piety under Cheibriados
  9895 | D:10     | Noticed Harold
  9965 | D:10     | Noticed Josephine
  9987 | D:10     | Reached skill level 4 in Fighting
 10181 | D:10     | Found a viscous altar of Jiyva.
 10263 | D:10     | Noticed a hill giant
 10271 | D:10     | Killed a hill giant
 10386 | D:10     | Reached skill level 5 in Fighting
 10395 | D:10     | Noticed an unseen horror
 10404 | D:10     | Killed an unseen horror
 10413 | D:10     | Reached skill level 5 in Dodging
 10543 | D:10     | Killed Josephine
 10545 | D:10     | Reached **** piety under Cheibriados
 10545 | D:10     | Reached skill level 6 in Fighting
 10619 | D:10     | Found a staircase to the Orcish Mines.
 10633 | D:10     | Noticed Kloppie's ghost (journeyman DrBe)
 10668 | D:10     | Killed Kloppie's ghost
 11236 | D:11     | Noticed Gastronok
 11249 | D:11     | Killed Gastronok
 11249 | D:11     | Reached XP level 11. HP: 45/98 MP: 5/18
 11523 | D:11     | Reached skill level 7 in Fighting
 11685 | D:11     | Reached skill level 5 in Spellcasting
 11756 | D:11     | Noticed a centaur warrior
 11761 | D:11     | Killed a centaur warrior
 12083 | D:11     | Noticed a cyan ugly thing
 12090 | D:11     | Killed a cyan ugly thing
 12248 | D:11     | Reached ***** piety under Cheibriados
 12251 | D:11     | Noticed an unseen horror
 12266 | D:11     | Found a staircase to the Lair.
 12316 | D:11     | Killed an unseen horror
 12347 | D:11     | Noticed a hill giant
 12350 | D:11     | Killed a hill giant
 12416 | D:11     | Reached skill level 8 in Fighting
 12814 | Lair:1   | Entered Level 1 of the Lair of Beasts
 13805 | Lair:2   | Reached ****** piety under Cheibriados
 14210 | Lair:2   | Reached skill level 9 in Fighting
 15279 | Lair:3   | Noticed Urug
 15292 | Lair:3   | Killed Urug
 15292 | Lair:3   | Reached XP level 12. HP: 115/115 MP: 3/19
 15591 | Lair:3   | Identified the Almanac of Unholy Rituals and the Compass
 15725 | Lair:3   | Reached skill level 10 in Fighting
 17439 | Lair:4   | Reached skill level 10 in Dodging
 17501 | Lair:4   | Reached skill level 1 in Invocations
 17652 | Lair:5   | Found a staircase to the Shoals.
 18232 | Lair:5   | Found a hole to the Spider Nest.
 18304 | Lair:5   | Reached skill level 5 in Invocations
 18632 | Lair:6   | Noticed Rupert
 18635 | Lair:6   | Noticed Zeloya's ghost (journeyman KoNe)
 19012 | Lair:6   | Noticed Maud
 19016 | Lair:6   | Noticed an eight-headed hydra
 19249 | Lair:6   | Killed Maud
 19306 | Lair:6   | Paralysed by Rupert for 2 turns
 19327 | Lair:6   | Killed Rupert
 19607 | Lair:6   | Killed an eight-headed hydra
 19607 | Lair:6   | Gained mutation: You can use your snake-like lower body to constrict enemies. [Naga growth]
 19607 | Lair:6   | Reached XP level 13. HP: 123/123 MP: 4/20
 20474 | Lair:5   | Reached skill level 10 in Invocations
 20733 | Lair:6   | Killed Zeloya's ghost
 22017 | Lair:8   | Entered Level 8 of the Lair of Beasts
 22971 | Lair:8   | Found a viscous altar of Jiyva.
 22972 | Lair:8   | Found a staircase to the Slime Pits.
 23108 | Lair:8   | Reached skill level 11 in Fighting
 23851 | Lair:8   | Reached XP level 14. HP: 113/136 MP: 9/21
 23958 | Lair:8   | Learned a level 2 spell: Repel Missiles
 24103 | Lair:8   | Found a burning altar of Makhleb.
 24273 | Lair:8   | Reached skill level 12 in Fighting
 24392 | Lair:8   | Found a gateway to Hell.
 24719 | D:10     | Killed Harold
 24834 | Orc:1    | Entered Level 1 of the Orcish Mines
 24873 | Orc:1    | Noticed a stone giant
 24881 | Orc:1    | Killed a stone giant
 25005 | Orc:1    | Found Kaotouq's Jewellery Emporium.
 25014 | Orc:1    | Bought a +5 ring of evasion for 715 gold pieces
 25446 | Orc:2    | Entered Level 2 of the Orcish Mines
 25446 | Orc:2    | Found a staircase to the Elven Halls.
 26034 | Orc:2    | Found a shimmering altar of Xom.
 26577 | Orc:2    | Found Enoczes's Gadget Shop.
 26577 | Orc:2    | Found Arifasaxt's Antique Armour Emporium.
 26579 | Orc:2    | Found Wiememo's Antique Armour Shop.
 26579 | Orc:2    | Found Ygeum's Jewellery Emporium.
 26587 | Orc:2    | Bought a heavily jewelled robe for 153 gold pieces
 26587 | Orc:2    | Bought a pair of embroidered gloves for 121 gold pieces
 26587 | Orc:2    | Bought a runed robe for 18 gold pieces
 26590 | Orc:2    | Bought the +2 pair of fencer's gloves {LBl+4 SBl+4 EV+3 Dex+6} for 1354 gold pieces
 26620 | Orc:2    | Identified the +1 robe of the Meadowlark {Dex+8} (You bought it in a shop on level 2 of the Orcish Mines)
 27307 | D:12     | Found a basalt altar of Yredelemnul.
 27645 | D:12     | Reached skill level 13 in Fighting
 28274 | D:13     | Noticed a ghoul
 28290 | D:13     | Killed a ghoul
 28950 | D:13     | Noticed a ghoul
 28985 | D:13     | Killed a ghoul
 29157 | D:13     | Noticed a ghoul
 29173 | D:13     | Killed a ghoul
 29218 | D:13     | Noticed a ghoul
 29224 | D:13     | Killed a ghoul
 29328 | D:13     | Reached XP level 15. HP: 150/150 MP: 14/22
 29916 | D:13     | Reached skill level 14 in Fighting
 31024 | D:14     | Found a gate to the Vaults.
 31247 | D:14     | Noticed Azrael
 31261 | D:14     | Killed Azrael
 31471 | D:14     | Noticed a shadow dragon
 32017 | Spider:1 | Entered Level 1 of the Spider Nest
 32017 | Spider:1 | Noticed Roxanne
 32150 | Spider:1 | Noticed Agnes
 32180 | Lair:5   | Killed Agnes
 32562 | Spider:1 | Reached skill level 15 in Fighting
 33077 | Spider:1 | Killed Roxanne
 33172 | Lair:5   | Learned a level 6 spell: Statue Form
 33271 | Spider:1 | Reached skill level 1 in Earth Magic
 33511 | Spider:2 | Noticed blejac99's ghost (journeyman KoBe)
 33512 | Spider:2 | Reached skill level 1 in Transmutations
 33666 | Spider:1 | Reached XP level 16. HP: 82/163 MP: 23/23
 33789 | Spider:2 | Killed blejac99's ghost
 34840 | Spider:2 | Reached skill level 5 in Transmutations
 35041 | Spider:3 | Reached skill level 5 in Earth Magic
 35898 | Spider:2 | HP: 2/244 [entropy weaver (14)]
 35898 | Spider:2 | Slain by an entropy weaver

Skill      XL: |  1  2  3  4  5  6  7  8  9 10 11 12 13 14 15 16 |
---------------+-------------------------------------------------+-----
Spellcasting   | 3 4 5 |  5.0
Summonings     | 5 6 7 8 10 | 10.4
Air Magic      | 1 3 4 5 |  5.0
Ice Magic      | 4 5 |  5.1
Fighting       | 3 6 9 10 11 13 15 | 15.0
Dodging        | 3 6 8 10 11 12 13 | 13.9
Invocations    | 8 10 | 10.3
Earth Magic    | 3 5 |  5.7
Transmutations | 2 5 |  5.9
Stealth        | |  3.0

Action                   |  1- 3 |  4- 6 |  7- 9 | 10-12 | 13-15 | 16-18 || total
-------------------------+-------+-------+-------+-------+-------+-------++-------
Melee: Unarmed           |     9 |       |       |       |       |       ||     9
       Short sword       |    60 |    75 |   201 |   392 |   766 |   207 ||  1701
       Constrict         |       |       |       |       |   196 |    44 ||   240
 Cast: Summon Small Mamm |    18 |       |       |       |       |       ||    18
       Call Imp          |     5 |     9 |     8 |       |       |       ||    22
       Call Canine Famil |    10 |    15 |    38 |    23 |     7 |       ||    93
       Summon Lightning  |       |       |    15 |    29 |    85 |    17 ||   146
       Summon Ice Beast  |       |       |     2 |   172 |   333 |    77 ||   584
       Repel Missiles    |       |       |       |       |     7 |       ||     7
Invok: Slouch            |       |       |       |       |    12 |     1 ||    13
 Abil: Spit Poison       |     3 |     1 |       |       |     1 |       ||     5
Evoke: Wand              |       |       |       |       |     2 |       ||     2
  Use: Scroll            |     8 |     4 |     9 |     6 |    12 |     5 ||    44
       Potion            |       |     3 |     1 |     2 |     6 |     2 ||    14
 Stab: Sleeping          |     3 |     2 |     5 |     3 |     4 |     2 ||    19
       Distracted        |       |     1 |     3 |    11 |    32 |    12 ||    59
       Invisible         |       |       |       |       |     3 |       ||     3
  Eat: Chunk             |     6 |     5 |    19 |    43 |    27 |     7 ||   107
       Pizza             |       |       |     1 |       |       |       ||     1
       Bread ration      |       |       |       |     1 |     6 |     1 ||     8
Armor: Robe              |    17 |    28 |    84 |   120 |   211 |    61 ||   521
       Skin              |       |     9 |       |    10 |    29 |       ||    48
Dodge: Dodged            |    65 |    33 |   132 |   479 |  1427 |   470 ||  2606
       Deflected         |       |       |       |       |    24 |       ||    24
